 Dungeon Sprint DCSS version 0.26-a0-663-g36e8fdb655 (webtiles) character file.

Game seed: 3588464921872871895

58579 mhtbhm the Archmage (level 14, -3/78 (79) HPs)
             Began as a Deep Elf Earth Elementalist on Oct 11, 2020.
             Was the Champion of Vehumet.
             Killed from afar by a shadow dragon (21 damage)
             ... with a bolt of negative energy
             ... in the Dungeon (Sprint III: "The Ten Rune Challenge").
             The game lasted 00:27:30 (4754 turns).

mhtbhm the Archmage (Deep Elf Earth Elementalist)   Turns: 4754, Time: 00:27:30

HP:   -3/78 (79)    AC:  7    Str:  9    XL:     14   Next: 50%
MP:   47/47         EV: 16    Int: 37    God:    Vehumet [******]
Gold: 2989          SH:  5    Dex: 15    Spells: 4/67 levels left

rFire    . . .     SeeInvis +   C - staff of earth
rCold    + . .     Faith    .   (no shield)
rNeg     + . .     Spirit   .   u - +2 robe {rPois}
rPois    +         Reflect  +   (no helmet)
rElec    .         Harm     .   B - scarf {repulsion}
rCorr    .         Rampage  .   (no gloves)
MR       +....     NoTele   +   D - +0 pair of boots {Stlth+}
Stlth    +++.......             w - amulet of reflection
HPRegen  0.23/turn              g - ring "Huenya" {rC+ Str+4 Int+6 SInv}
MPRegen  0.30/turn              z - ring "Qinupaso" {rN+ Int+3}

@: lightly drained, repel missiles
A: hooves 1, molten scales 1, clever 1, sense surroundings 1, robust 1
a: Renounce Religion


You were in the Dungeon.
You worshipped Vehumet.
Vehumet was exalted by your worship.
You visited 1 branch You collected 5322 gold pieces.
You spent 2333 gold pieces at shops.

Inventory:

Missiles
 b - 29 stones (quivered)
 o - 6 curare-tipped darts
 H - a large rock of returning
Armour
 c - a +2 robe of fire resistance
 f - a +2 robe of the Archmagi
 u - a +2 robe of poison resistance (worn)
 B - a scarf of repulsion (worn)
 D - a +0 pair of boots of stealth (worn)
Magical Staves
 C - an uncursed staff of earth (weapon)
 E - an uncursed staff of conjuration
Jewellery
 g - the ring "Huenya" (left hand) {rC+ Str+4 Int+6 SInv}
   (You took it off a deep elf high priest in the Dungeon)

   [ring of protection from cold]

   It affects your strength (+4).
   It affects your intelligence (+6).
   It protects you from cold.
   It lets you see invisible.
 s - an uncursed ring of wizardry
 w - an amulet of reflection (around neck)
 y - an uncursed ring of fire
 z - the ring "Qinupaso" (right hand) {rN+ Int+3}
   (You found it in the Dungeon)

   [ring of positive energy]

   It affects your intelligence (+3).
   It protects you from negative energy.
 J - an uncursed ring of flight
Wands
 p - a wand of iceblast (8)
 v - a wand of polymorph (11)
 I - a wand of random effects (5)
Scrolls
 a - a scroll of enchant weapon
 i - a scroll of blinking
 k - 2 scrolls of immolation
 m - 3 scrolls of remove curse
 r - 2 scrolls of silence
 t - 5 scrolls of amnesia {unknown}
 F - a scroll of fog {unknown}
Potions
 d - 3 potions of curing
 e - 2 potions of heal wounds
 h - 2 potions of berserk rage
 j - a potion of mutation
 l - a potion of flight
 n - 2 potions of might
 x - a potion of resistance
 G - 2 potions of invisibility
Miscellaneous
 q - a phantom mirror
 A - a condenser vane (2/2)


   Skills:
 - Level 2.3(1.8) Fighting
   Level 1.1(0.6) Short Blades
 + Level 7.6(7.0) Dodging
 - Level 3.2(2.6) Stealth
 O Level 27(26.0) Spellcasting
 + Level 11.6(10.9) Conjurations
 - Level 1.1(0.5) Transmutations
 * Level 15.2(14.4) Fire Magic
 O Level 27(26.0) Earth Magic
 + Level 5.5(4.9) Evocations


You had 4 spell levels left.
You knew the following spells:

 Your Spells              Type           Power        Failure   Level
a - Sandblast             Erth           ######       0%          1
b - Passwall              Tmut/Erth      ########     0%          2
c - Stone Arrow           Conj/Erth      ######       0%          3
d - Lee's Rapid Deconstr  Erth           #########.   0%          5
e - Petrify               Tmut/Erth      ########     1%          4
f - Ignite Poison         Fire/Tmut/Pois ######..     1%          3
g - Bolt of Magma         Conj/Fire/Erth ########..   0%          5
h - Iron Shot             Conj/Erth      ########..   1%          6
i - Lehudib's Crystal Sp  Conj/Erth      ########..   1%          8
j - Shatter               Erth           #########.   1%          9
k - Ignition              Fire           ########..   2%          8
l - Fire Storm            Conj/Fire      #######...   50%         9

Your spell library contained the following spells:

 Spells                   Type           Power        Failure   Level
 Tornado                  Air            #####.....   100%        9
 Sting                    Tmut/Pois      ####         1%          1
 Summon Small Mammal      Summ           ####         1%          1
 Call Imp                 Summ           #####...     1%          2
 Poisonous Vapours        Pois/Air       #####.       1%          2
 Call Canine Familiar     Summ           #####...     1%          3
 Confusing Touch          Hex            #####...     1%          3
 Gell's Gravitas          Tloc           #####.....   1%          3
 Summon Guardian Golem    Hex/Summ       #####...     1%          3
 Ice Form                 Ice/Tmut       ######..     3%          4
 Passage of Golubria      Tloc           N/A          4%          4
 Summon Ice Beast         Ice/Summ       #####...     4%          4
 Summon Lightning Spire   Summ/Air       #####...     4%          4
 Iskenderun's Battlesphe  Conj           #######.     1%          5
 Orb of Destruction       Conj           #######...   1%          7
 Yara's Violent Unravell  Hex/Tmut       ######....   3%          5
 Freezing Cloud           Conj/Ice/Air   ######....   4%          6
 Blade Hands              Tmut           ######....   9%          5
 Alistair's Intoxication  Tmut/Pois      ######...    11%         5
 Spellforged Servitor     Conj/Summ      ######....   11%         7
 Metabolic Englaciation   Hex/Ice        #####.....   12%         5
 Ozocubu's Refrigeration  Ice            #####.....   17%         6
 Hydra Form               Tmut           ######....   45%         6
 Eringya's Noxious Bog    Tmut/Pois      ######....   50%         6
 Simulacrum               Ice/Necr       #####.....   54%         6
 Chain Lightning          Conj/Air       ######....   54%         8
 Absolute Zero            Ice            #####.....   100%        9


Dungeon Overview and Level Annotations

Branches:
Dungeon (1/1)

Altars:
Cheibriados
Dithmenos
Elyvilon
Fedhas
Gozag
Hepliaklqana
Kikubaaqudgha
Makhleb
Nemelex Xobeh
Okawaru
Qazlal
Ru
Sif Muna
Trog
Uskayaw
Vehumet
Wu Jian
Xom
Yredelemnul
Zin
The Shining One
Beogh
Jiyva
Lugonu

Shops:
D *[?((:(?=!}(


Innate Abilities, Weirdness & Mutations

You have large cloven feet.
You are partially covered in molten scales. (AC +2)
Your mind is acute. (Int +2)
You passively map a small area around you.
You are robust. (+10% HP)


Message History

A skeletal warrior comes into view. It is wielding a +0 hand axe.
The titan moves out of view.
The fire giant moves out of view.
Found ten items.
Unknown command.
Press: ? - help, Dir - move target cursor You can't see that place. [the floor.]
Okay, then.
What are your orders? t - Shout!
Orders for allies: a - Attack new target. r - Retreat! s - Stop attacking. g - Guard the area. f - Follow me.
Anything else - Cancel.
Okay, then.
Press: ? - help, Dir - move target cursor
As you read the scroll of blinking, it crumbles to dust.
The shadow dragon breathes negative energy at you.
The bolt of negative energy hits you!! You partially resist.
You feel drained.
You die...

.##≈≈≈≈##..##}# ≈
.≈≈≈........#)##):)...
.##≈≈≈≈##..##.##$$$.). , ) ≈ ≈
.##....'....).##=[)... ),) *≈
###############.)?..DC )) #
#############**#$)$... ,),.#
#.#.#.'†††≈≈# ** =).C† §§.† ,, ,
.#.#.##†††≈≈#* #####§z#§§#####*
#.#.#.#...≈≈≈≈##@...D§§§§.....
.#.#.##..†≈†≈≈##.###§###§.....,
#.#.#.#.......##.......# .§.§)
.#.#.##....†..###..###.#, §§§D ,
#.#.#.#.......##.......#, ,.§ ,
.#.#.##########..################
)######## ..#.....#..)...(≈.
).'(§§≈≈# ##...#..#§≈§≈≈§≈§≈
..#.§≈≈≈#, ≈#.#.#.#.#§.§§.....


You could see a shadow dragon (catching breath) and a skeletal warrior.

Vanquished Creatures
  Sojobo (D)
  A lich (D)
  A deep elf blademaster (D)
  Harold (D)
  Chuck (D)
  2 vampire knights (D)
  2 deep elf demonologists (D)
  Snorg (D)
  A deep elf death mage (D)
  A deep elf high priest (D)
  A fire dragon (D)
  3 yaktaur captains (D)
  An ogre mage (D)
  15 vault guards (D)
  A hydra (shapeshifter) (D)
  4 dancing weapons (D)
  2 two-headed ogres (shapeshifter) (D)
  Urug (D)
  3 centaur warriors (D)
  A deep elf knight (D)
  A skeletal warrior (D)
  A sea snake (shapeshifter) (D)
  2 unseen horrors (D)
  An orange crystal statue (D)
  2 orc knights (D)
  Joseph (D)
  A lindwurm (D)
  5 ugly things (D)
  4 crystal guardians (D)
  2 cyclopes (shapeshifter) (D)
  7 deep elf magi (D)
  An orc sorcerer (D)
  4 statues (D)
  A water nymph (shapeshifter) (D)
  2 cane toads (D)
  A rime drake (D)
  A komodo dragon (D)
  A yaktaur (D)
  A queen bee (D)
  4 spriggan defenders (D)
  2 tyrant leeches (D)
  2 slime creatures (D)
  A shadow (D)
  3 redbacks (D)
  3 wandering mushrooms (D)
  A spatial vortex (D)
  A swamp drake (D)
  A necrophage (D)
  2 centaurs (D)
  An earth elemental (D)
  A water elemental (D)
  32 killer bees (D)
  A jelly (D)
  6 orc priests (D)
  Jessica (D)
  An orc wizard (D)
  A necromancer (D)
  A wizard (D)
  3 humans (D)
  A kobold demonologist (D)
  An ooze (D)
  A phantom (D)
  An adder simulacrum (D)
  12 orcs (D)
  2 rats (D)
  5 bushes (D)
  4 butterflies (D)
178 creatures vanquished.

Vanquished Creatures (others)
  8 plants (D)
8 creatures vanquished.

Grand Total: 186 creatures vanquished

Notes
Turn   | Place    | Note
-------+----------+-------------------------------------------
     0 | D        | mhtbhm the Deep Elf Earth Elementalist began the quest for
                  | the Orb.
     0 | D        | Reached XP level 1. HP: 10/10 MP: 6/6
    79 | D        | Noticed Jessica
    82 | D        | Killed Jessica
    82 | D        | Reached XP level 2. HP: 15/15 MP: 5/9
    82 | D        | Reached XP level 3. HP: 19/19 MP: 6/11
   109 | D        | Learned a level 2 spell: Passwall
   113 | D        | Learned a level 3 spell: Stone Arrow
   140 | D        | Gained mutation: You have a pair of small horns on your
                  | head. [potion of mutation]
   140 | D        | Gained mutation: You tend to lose your temper in combat.
                  | [potion of mutation]
   140 | D        | Gained mutation: You passively map a small area around you.
                  | [potion of mutation]
   140 | D        | Gained mutation: You have a pair of horns on your head.
                  | [potion of mutation]
   141 | D        | Lost mutation: You have a pair of horns on your head.
                  | [potion of mutation]
   141 | D        | Lost mutation: You tend to lose your temper in combat.
                  | [potion of mutation]
   141 | D        | Lost mutation: You have a pair of small horns on your head.
                  | [potion of mutation]
   141 | D        | Gained mutation: Your mind is acute. (Int +2) [potion of
                  | mutation]
   141 | D        | Gained mutation: You are partially covered in molten
                  | scales. (AC +2) [potion of mutation]
   141 | D        | Gained mutation: You have large cloven feet. [potion of
                  | mutation]
   141 | D        | Gained mutation: You are robust. (+10% HP) [potion of
                  | mutation]
   149 | D        | Reached skill level 5 in Spellcasting
   220 | D        | Noticed a water elemental
   225 | D        | Killed a water elemental
   225 | D        | Reached XP level 4. HP: 21/26 MP: 6/15
   292 | D        | Found a radiant altar of Vehumet.
   292 | D        | Found a shimmering blue altar of Sif Muna.
   292 | D        | Found an ancient bone altar of Kikubaaqudgha.
   292 | D        | Noticed a wizard
   293 | D        | Killed a wizard
   301 | D        | Reached XP level 5. HP: 30/30 MP: 9/17
   305 | D        | Became a worshipper of Vehumet
   360 | D        | Learned a level 5 spell: Lee's Rapid Deconstruction
   365 | D        | Learned a level 4 spell: Petrify
   383 | D        | Found a basalt altar of Yredelemnul.
   383 | D        | Found a shadowy altar of Dithmenos.
   383 | D        | Found a sacrificial altar of Ru.
   383 | D        | Noticed a necrophage
   385 | D        | Killed a necrophage
   385 | D        | Reached skill level 10 in Earth Magic
   385 | D        | Reached XP level 6. HP: 34/35 MP: 7/20
   566 | D        | Found a hide-covered altar of Uskayaw.
   566 | D        | Found a roughly hewn altar of Beogh.
   566 | D        | Found an iron altar of Okawaru.
   566 | D        | Found a bloodstained altar of Trog.
   566 | D        | Found an ornate altar of the Wu Jian Council.
   566 | D        | Noticed a human
   566 | D        | Noticed a human
   568 | D        | Killed a human
   568 | D        | Reached * piety under Vehumet
   568 | D        | Offered knowledge of Freeze by Vehumet.
   568 | D        | Reached skill level 1 in Fighting
   568 | D        | Reached skill level 5 in Dodging
   568 | D        | Reached skill level 1 in Conjurations
   569 | D        | Killed a human
   569 | D        | Reached XP level 7. HP: 40/40 MP: 5/24
   668 | D        | Found a glowing silver altar of Zin.
   668 | D        | Found a glowing golden altar of the Shining One.
   668 | D        | Found a white marble altar of Elyvilon.
   668 | D        | Noticed a deep elf mage
   670 | D        | Killed a deep elf mage
   824 | D        | Reached ** piety under Vehumet
   824 | D        | Offered knowledge of Shock by Vehumet.
   824 | D        | Noticed a shadow
   826 | D        | Killed a shadow
   826 | D        | Reached XP level 8. HP: 46/46 MP: 15/28
   885 | D        | Found a blossoming altar of Fedhas.
   885 | D        | Found a stormy altar of Qazlal.
   885 | D        | Found a snail-covered altar of Cheibriados.
   885 | D        | Found a burning altar of Makhleb.
   885 | D        | Found a shimmering altar of Xom.
   886 | D        | Found a hazy altar of Hepliaklqana.
   886 | D        | Found an opulent altar of Gozag.
   886 | D        | Found a sparkling altar of Nemelex Xobeh.
   886 | D        | Found a corrupted altar of Lugonu.
   886 | D        | Found a viscous altar of Jiyva.
   970 | D        | Noticed Snorg
   981 | D        | Killed Snorg
   981 | D        | Offered knowledge of Ignite Poison by Vehumet.
   981 | D        | Reached skill level 15 in Earth Magic
   981 | D        | Reached XP level 9. HP: 50/50 MP: 6/31
  1200 | D        | Reached *** piety under Vehumet
  1205 | D        | Learned a level 3 spell: Ignite Poison
  1272 | D        | Noticed a centaur warrior
  1274 | D        | Killed a centaur warrior
  1274 | D        | Offered knowledge of Sticky Flame by Vehumet.
  1316 | D        | Killed an unseen horror
  1356 | D        | Killed an unseen horror
  1356 | D        | Reached **** piety under Vehumet
  1356 | D        | Reached XP level 10. HP: 18/57 MP: 11/35
  1431 | D        | Offered knowledge of Bolt of Magma by Vehumet.
  1565 | D        | Learned a level 5 spell: Bolt of Magma
  1734 | D        | Found Ypuumof's Assorted Antiques.
  1736 | D        | Noticed an orc knight
  1740 | D        | Reached ***** piety under Vehumet
  1740 | D        | Offered knowledge of Orb of Destruction by Vehumet.
  1749 | D        | Noticed an orc knight
  1750 | D        | Noticed an orc sorcerer
  1751 | D        | Killed an orc knight
  1754 | D        | Noticed a sixfirhy
  1755 | D        | Killed an orc sorcerer
  1755 | D        | Reached skill level 1 in Short Blades
  1756 | D        | Killed an orc knight
  1758 | D        | Reached ****** piety under Vehumet
  1893 | D        | Bought a runed robe for 81 gold pieces
  1893 | D        | Bought a potion of heal wounds for 110 gold pieces
  1918 | D        | Noticed a deep elf mage
  1918 | D        | Noticed a deep elf mage
  1918 | D        | Noticed a deep elf mage
  1918 | D        | Noticed a deep elf mage
  1918 | D        | Noticed a deep elf knight
  1925 | D        | Killed a deep elf mage
  1925 | D        | Offered knowledge of Olgreb's Toxic Radiance by Vehumet.
  1927 | D        | Killed a deep elf knight
  1930 | D        | Killed a deep elf mage
  1930 | D        | Killed a deep elf mage
  1933 | D        | Killed a deep elf mage
  1933 | D        | Reached XP level 11. HP: 61/61 MP: 14/38
  2025 | D        | Noticed a deep elf demonologist
  2025 | D        | Noticed a deep elf mage
  2028 | D        | Noticed a deep elf death mage
  2030 | D        | Killed a deep elf death mage
  2030 | D        | Killed a deep elf demonologist
  2034 | D        | Noticed a deep elf blademaster
  2038 | D        | Killed a deep elf mage
  2041 | D        | Noticed a deep elf mage
  2042 | D        | Killed a deep elf mage
  2043 | D        | Identified the ring "Huenya" {rC+ Str+4 Int+6 SInv}
  2043 | D        | Noticed a deep elf high priest
  2046 | D        | Killed a deep elf high priest
  2122 | D        | Noticed a deep elf demonologist
  2124 | D        | Killed a deep elf demonologist
  2154 | D        | Killed a deep elf blademaster
  2154 | D        | Offered knowledge of Iskenderun's Battlesphere by Vehumet.
  2172 | D        | Identified the Collected Works on Displaced Intoxication
  2172 | D        | Identified the Papyrus of Toxic Transmutation
  2180 | D        | Got a flickering glass ring
  2201 | D        | Identified the ring "Qinupaso" {rN+ Int+3} (You found it in
                  | the Dungeon)
  2258 | D        | Bought a scroll labeled UNECEL DUGE for 22 gold pieces
  2258 | D        | Bought a scroll of identify for 44 gold pieces
  2258 | D        | Bought a scroll labeled CONEQA POTRIV for 22 gold pieces
  2306 | D        | Offered knowledge of Conjure Ball Lightning by Vehumet.
  2328 | D        | Reached XP level 12. HP: 67/67 MP: 28/42
  2328 | D        | Reached skill level 1 in Evocations
  2420 | D        | Noticed Harold
  2420 | D        | Noticed Joseph
  2424 | D        | Killed Harold
  2428 | D        | Killed Joseph
  2569 | D        | Offered knowledge of Lightning Bolt by Vehumet.
  2765 | D        | Offered knowledge of Starburst by Vehumet.
  2797 | D        | Noticed Urug
  2821 | D        | Killed Urug
  3115 | D        | Offered knowledge of Ozocubu's Refrigeration by Vehumet.
  3126 | D        | Found Jujutov's Antique Weapon Emporium.
  3126 | D        | Found Exunuqoe's Magic Scroll Shop.
  3126 | D        | Found Usetzaag's Antique Weapon Boutique.
  3126 | D        | Found Lainenno's Antique Weapon Shoppe.
  3126 | D        | Found Miacisan's Book Boutique.
  3126 | D        | Found Oree's Weapon Shoppe.
  3126 | D        | Found Yfimas's Gadget Shop.
  3126 | D        | Found Fepnuag's Magic Scroll Shop.
  3126 | D        | Found Samilos Riem's Distillery.
  3126 | D        | Found Gireas's Antique Armour Emporium.
  3126 | D        | Found Tymaesis's Jewellery Boutique.
  3165 | D        | Bought a book of Power for 450 gold pieces
  3165 | D        | Bought a book of Annihilations for 1104 gold pieces
  3172 | D        | Learned a level 6 spell: Iron Shot
  3181 | D        | Learned a level 8 spell: Lehudib's Crystal Spear
  3188 | D        | Bought a potion of curing for 39 gold pieces
  3188 | D        | Bought a potion of resistance for 130 gold pieces
  3188 | D        | Bought 2 potions of invisibility for 208 gold pieces
  3193 | D        | Bought a scroll of blinking for 97 gold pieces
  3193 | D        | Bought a scroll of identify for 26 gold pieces
  3403 | D        | Noticed a yaktaur captain
  3403 | D        | Noticed a yaktaur captain
  3515 | D        | Killed a yaktaur captain
  3515 | D        | Killed a yaktaur captain
  3586 | D        | Reached skill level 27 in Spellcasting
  3590 | D        | Offered knowledge of Shatter by Vehumet.
  3590 | D        | Offered knowledge of Tornado by Vehumet.
  3590 | D        | Offered knowledge of Ignition by Vehumet.
  3601 | D        | Learned a level 9 spell: Shatter
  3610 | D        | Learned a level 8 spell: Ignition
  3665 | D        | Reached skill level 1 in Fire Magic
  3665 | D        | Reached XP level 13. HP: 72/72 MP: 36/46
  3717 | D        | Noticed a fire dragon
  3723 | D        | Killed a fire dragon
  3844 | D        | Reached skill level 5 in Fire Magic
  4148 | D        | Noticed Chuck
  4200 | D        | Killed Chuck
  4200 | D        | Reached skill level 5 in Conjurations
  4349 | D        | Noticed a vampire knight
  4351 | D        | Killed a vampire knight
  4378 | D        | Noticed a vampire knight
  4381 | D        | Killed a vampire knight
  4669 | D        | Noticed Sojobo
  4671 | D        | Killed Sojobo
  4701 | D        | Noticed a lich
  4702 | D        | Killed a lich
  4702 | D        | Reached skill level 10 in Fire Magic
  4743 | D        | Learned a level 9 spell: Fire Storm
  4750 | D        | Reached XP level 14. HP: 78/78 MP: 41/47
  4750 | D        | Noticed a shadow dragon
  4750 | D        | Noticed a shadow dragon
  4752 | D        | Reached skill level 27 in Earth Magic
  4752 | D        | Noticed a golden dragon
  4753 | D        | Reached skill level 10 in Conjurations
  4753 | D        | Reached skill level 5 in Evocations
  4753 | D        | Noticed a fire giant
  4753 | D        | Reached skill level 15 in Fire Magic
  4753 | D        | Noticed a quicksilver dragon
  4753 | D        | Noticed a frost giant
  4753 | D        | Noticed a titan
  4753 | D        | Noticed a fire giant
  4754 | D        | Killed from afar by a shadow dragon

Illustrated notes

Levels and vault maps discovered:
D:        dungeon_sprint_mu [sprint_mu_entry_cave, sprint_mu_temple_rooms,
          sprint_mu_d1_horrors, sprint_mu_d2_genie, sprint_mu_d3_branching,
          sprint_mu_orc_legion, sprint_mu_elf_gauntlet, sprint_mu_hive_nellie,
          sprint_mu_lair_fedhas, sprint_mu_vaults_butterflies,
          sprint_mu_slime_circle, sprint_mu_swamp_cave, sprint_mu_shoals_kraken,
          sprint_mu_blade_basic, sprint_mu_crypt_chambers,
          sprint_mu_tomb_spiral, sprint_mu_vestibule_basic,
          sprint_mu_gehenna_hellfire, sprint_mu_dis_giant,
          sprint_mu_tartarus_statrot, sprint_mu_cocytus_islands, sprint_mu_zot1]

Skill      XL: |  1  2  3  4  5  6  7  8  9 10 11 12 13 14 |
---------------+-------------------------------------------+-----
Earth Magic    | 6 8 9 10 12 14 15 16 19 21 23 26 27 | 27.0
Dodging        | 3 4 5 6 7 |  7.6
Stealth        | 3 |  3.2
Spellcasting   | 4 7 8 9 12 14 16 19 21 24 27 | 27.0
Fighting       | 1 2 |  2.3
Conjurations   | 1 3 4 7 11 | 11.6
Short Blades   | 1 |  1.1
Evocations     | 2 3 5 |  5.5
Fire Magic     | 1 10 15 | 15.2
Transmutations | |  1.1

Action                   |  1- 3 |  4- 6 |  7- 9 | 10-12 | 13-15 || total
-------------------------+-------+-------+-------+-------+-------++-------
Melee: Dagger            |       |       |     4 |     3 |       ||     7
       Kick              |       |       |       |     1 |       ||     1
       Staff             |       |       |       |     3 |     1 ||     4
 Cast: Sandblast         |    13 |     8 |       |       |       ||    21
       Stone Arrow       |     2 |       |       |    19 |       ||    21
       Passwall          |     1 |       |       |       |       ||     1
       Lee's Rapid Decon |       |     4 |    27 |    87 |    24 ||   142
       Petrify           |       |       |     1 |     5 |       ||     6
       Iron Shot         |       |       |       |       |     7 ||     7
       Bolt of Magma     |       |       |       |       |     3 ||     3
       Lehudib's Crystal |       |       |       |       |     2 ||     2
       Shatter           |       |       |       |       |     3 ||     3
 Abil: Evoke Flight      |       |       |       |       |     1 ||     1
Evoke: Condenser vane    |       |       |       |     4 |     1 ||     5
       Wand              |       |       |       |     1 |       ||     1
  Use: Potion            |     2 |       |     2 |     3 |       ||     7
       Scroll            |       |       |       |     5 |     2 ||     7
Armor: Robe              |       |     1 |     1 |     2 |       ||     4
Dodge: Dodged            |     2 |     5 |     5 |    16 |     8 ||    36
Block: Other             |       |       |       |     3 |     2 ||     5
       Reflection        |       |       |       |     1 |       ||     1

Table legend: (Time is in decaauts)
 A = Elapsed time spent in this place.
 B = Non-inter-level travel time spent in this place.
 C = Inter-level travel time spent in this place.
 D = Time resting spent in this place.
 E = Time spent auto-exploring this place.
 F = Levels seen in this place.
 G = Mean time per level.
                   A        B        C        D        E       F      G
               +--------+--------+--------+--------+--------+-----+--------+
         Total |   4753 |   4753 |      0 |   3159 |     46 |   1 | 4753.0 |
       Dungeon |   4753 |   4753 |      0 |   3159 |     46 |   1 | 4753.0 |
               +--------+--------+--------+--------+--------+-----+--------+

Top non-repeatable levels by time:
       D: 4753 daAuts
